 Dungeon Crawl Stone Soup version 0.25.1-8-g42b30a86e7 (webtiles) character file.

Game seed: 15064457272497186821

19583 KamiKatze the Thaumaturge (level 12, -1/64 HPs)
             Began as a Deep Elf Conjurer on Dec 27, 2020.
             Was an Elder of Vehumet.
             Shot with an arrow by Nessos (26 damage)
             ... on level 4 of the Lair of Beasts.
             The game lasted 01:20:54 (14704 turns).

KamiKatze the Thaumaturge (Deep Elf Conjurer)      Turns: 14704, Time: 01:20:56

Health: -1/64      AC:  7    Str:  5    XL:     12   Next: 37%
Magic:  16/29      EV: 19    Int: 32    God:    Vehumet [****..]
Gold:   1184       SH:  8    Dex: 21    Spells: 12/34 levels left

rFire    . . .     SeeInvis .   a - +1 dagger (venom)
rCold    + . .     Gourm    .   s - +2 buckler
rNeg     . . .     Faith    .   X - +2 robe {rC+}
rPois    .         Spirit   .   q - +0 helmet
rElec    .         Reflect  .   M - +0 cloak
rCorr    .         Harm     .   (no gloves)
MR       +....                  A - +0 pair of boots
Stlth    ++++......             (no amulet)
HPRegen  0.20/turn              u - +6 ring of intelligence
MPRegen  0.21/turn              o - +6 ring of dexterity

@: lethally poisoned (-1 -> -33)
A: no striking features
a: Renounce Religion


You were on level 4 of the Lair of Beasts.
You worshipped Vehumet.
Vehumet was greatly pleased with you.
You were not hungry.

You visited 3 branches of the dungeon, and saw 16 of its levels.

You collected 1184 gold pieces.

Inventory:

Hand Weapons
 a - a +1 dagger of venom (weapon)
 m - a +1 broad axe of venom
 L - a +1 falchion of holy wrath
 R - a cursed +0 rapier
Missiles
 d - 80 poisoned darts (quivered)
 f - 3 javelins
 j - 116 arrows
 t - 3 boomerangs
 W - 2 throwing nets
Armour
 q - a +0 helmet (worn)
 s - a +2 buckler (worn)
 A - a +0 pair of boots (worn)
 M - a +0 cloak (worn)
 X - a +2 robe of cold resistance (worn)
Jewellery
 o - a +6 ring of dexterity (right hand)
 u - a +6 ring of intelligence (left hand)
 y - an uncursed ring of positive energy
 V - an uncursed ring of ice
Wands
 i - a wand of random effects (14)
 l - a wand of digging (5)
 v - a wand of clouds (1)
 K - a wand of flame (61)
Scrolls
 b - a scroll of summoning {unknown}
 n - 3 scrolls of enchant weapon {unknown}
 p - 2 scrolls of amnesia {unknown}
 r - 5 scrolls of remove curse
 B - 5 scrolls of teleportation
 E - 2 scrolls of identify
 F - a scroll of magic mapping {unknown}
 G - a scroll of immolation {unknown}
 H - a scroll of fog {unknown}
 J - a scroll of acquirement {unknown}
 O - a scroll of holy word {unknown}
 P - 3 scrolls of brand weapon {unknown}
 Y - 2 scrolls of fear {unknown}
Potions
 e - 4 potions of haste
 g - 2 potions of ambrosia
 h - 2 potions of berserk rage
 k - 4 potions of flight
 w - 3 potions of brilliance
 x - 2 potions of lignification
 z - 6 potions of curing
 C - a potion of stabbing
 D - 3 potions of might
 I - 2 potions of heal wounds
 N - 3 potions of magic
 Q - a potion of mutation
 U - a potion of cancellation
Comestibles
 c - 20 rations


   Skills:
 - Level 3.4 Fighting
 - Level 2.0 Short Blades
 - Level 2.0 Throwing
 - Level 8.0 Dodging
 - Level 9.0 Stealth
 - Level 4.0 Shields
 - Level 11.9 Spellcasting
 - Level 10.1 Conjurations
 - Level 9.7 Hexes
 - Level 8.7 Translocations
 - Level 2.0 Fire Magic
 * Level 2.2 Air Magic
 - Level 3.1 Earth Magic
 - Level 2.0 Evocations


You had 12 spell levels left.
You knew the following spells:

 Your Spells              Type           Power        Failure   Level  Hunger
a - Magic Dart            Conj           ####         1%          1    None
b - Searing Ray           Conj           ######       1%          2    None
c - Dazzling Flash        Conj/Hex       ######       1%          3    None
d - Fulminant Prism       Conj/Hex       ######....   1%          4    None
e - Iskenderun's Mystic   Conj/Tloc      ######..     1%          4    None
f - Foxfire               Conj/Fire      ####         1%          1    None
g - Stone Arrow           Conj/Erth      ######       1%          3    None
h - Airstrike             Air            ####......   2%          4    None

Your spell library contained the following spells:

 Spells                   Type           Power        Failure   Level  Hunger


Dungeon Overview and Level Annotations

Branches:
Dungeon (11/15)            Temple (1/1) D:5            Lair (4/6) D:10
 Shoals (0/4) Lair:2          Orc (0/2) D:9
  Snake: Lair:2-4    Spider: Lair:2-4

Altars:
Ashenzari
Cheibriados
Dithmenos
Elyvilon
Fedhas
Gozag
Hepliaklqana
Kikubaaqudgha
Makhleb
Nemelex Xobeh
Okawaru
Qazlal
Ru
Sif Muna
Trog
Uskayaw
Vehumet
Wu Jian
Xom
Yredelemnul
Zin
The Shining One

Shops:
D:5 [

Annotations:
Lair:4 Josephine, Nergalle, Nessos


Message History

There is an open door here.
You see here an arrow.
Unknown command.
Evoke which item? (* to show all) (? for menu, Esc to quit)
Aiming: Cloud Cone
Press: ? - help, Dir - move target cursor You create a blast of freezing vapour!
You feel sick.
Nessos is engulfed in freezing vapours.
The spectral orc knight hits you but does no damage.
Nergalle casts a spell at you.
Orcish apparitions take form around you.
Unknown command.
You feel sick.
Nessos shoots an arrow.
The arrow hits you!!
* * * LOW HITPOINT WARNING * * *
The arrow burns you.
You are lethally poisoned!
* * * LOW HITPOINT WARNING * * *
Nessos is engulfed in freezing vapours.
Nessos shoots an arrow.
The arrow hits you!!
You die...

#.# #...## #...####.#
#.# #....###...P###+.
#.# #§§..P##...###...
#.# #§§(.##P.........
##.# #c§..###....###..
#..# #§#### #...#####.
##.###§######.....#.#.
#...##(##..##.........
#PP..@YZZ.............
#....ZZ...............
##....(...............
#....Y............#.#
#..##..#.####........
#..###Y### #.......
#..##..o### #######
#.........#
#.........#


You could see 3 death yaks, Nessos (fast), Nergalle, 2 spectral orcs, a spectral
orc warrior (summoned) and a spectral orc knight (summoned).

Vanquished Creatures
  A hydra (Lair:3)
  Fannar (Lair:1)
  2 unseen horrors (D:10)
  An ugly thing (D:6)
  A manticore (Lair:2)
  An oklob plant (D:10)
  3 black mambas
  7 spiny frogs
  A komodo dragon (Lair:2)
  2 rime drakes
  A troll (D:9)
  Prince Ribbit (D:5)
  2 hornets
  5 blink frogs (Lair:1)
  3 hippogriffs
  Grinder (D:4)
  14 yaks
  A wyvern (D:9)
  A wraith (Lair:3)
  Eustachio (D:5)
  Menkaure (D:6)
  6 porcupines
  3 water moccasins
  An ice beast (D:10)
  2 black bears
  2 orc warriors
  2 necrophages
  A phantom (D:10)
  6 ogres
  7 crocodiles
  2 centaurs
  10 wolves (Lair:3)
  A big kobold (D:7)
  Blork the orc (D:5)
  17 bullfrogs
  A wyvern zombie (D:10)
  7 scorpions
  5 wights
  4 killer bees (D:8)
  A howler monkey (D:8)
  3 crimson imps
  2 bullfrog zombies
  3 centaur zombies
  2 quasits (D:7)
  4 jellies
  3 hounds
  4 orc wizards
  2 centaur skeletons
  A gnoll shaman (D:3)
  2 orc priests
  Crazy Yiuf (D:5)
  A bullfrog skeleton (D:10)
  3 iguanas
  10 worker ants
  2 hound zombies (D:6)
  2 worker ant zombies
  6 adders
  5 gnolls
  2 shadow imps
  An ooze (D:1)
  3 adder skeletons
  2 worms
  5 dart slugs
  5 leopard geckos
  16 orcs
  7 giant cockroaches
  8 goblins
  8 hobgoblins
  14 jackals
  3 ball pythons
  5 bats
  6 frilled lizards
  9 kobolds
  A quokka skeleton (D:4)
  3 quokka zombies
  5 rats
  A spectral orc (D:5)
  A fungus (Lair:3)
  25 plants
316 creatures vanquished.

Vanquished Creatures (others)
  36 foxfires
  65 fulminant prisms
  11 fungi
  11 plants
123 creatures vanquished.

Grand Total: 439 creatures vanquished

Notes
Turn   | Place    | Note
-------+----------+-------------------------------------------
     0 | D:1      | KamiKatze the Deep Elf Conjurer began the quest for the
                  | Orb.
     0 | D:1      | Reached XP level 1. HP: 10/10 MP: 6/6
   216 | D:1      | Reached XP level 2. HP: 14/15 MP: 4/8
   220 | D:1      | Learned a level 2 spell: Searing Ray
   546 | D:1      | Reached XP level 3. HP: 19/19 MP: 10/10
   753 | D:1      | Learned a level 3 spell: Dazzling Flash
   924 | D:2      | Reached skill level 4 in Spellcasting
   949 | D:2      | Reached skill level 5 in Conjurations
   949 | D:2      | Reached skill level 1 in Hexes
   949 | D:2      | Reached XP level 4. HP: 17/24 MP: 9/12
   955 | D:2      | Learned a level 4 spell: Fulminant Prism
  1547 | D:2      | Reached skill level 1 in Shields
  2100 | D:3      | Reached XP level 5. HP: 28/28 MP: 10/13
  2995 | D:4      | Noticed Grinder
  3227 | D:4      | Reached XP level 6. HP: 32/32 MP: 10/14
  3424 | D:4      | Killed Grinder
  3985 | D:4      | Learned a level 4 spell: Iskenderun's Mystic Blast
  3986 | D:5      | Entered Level 5 of the Dungeon
  4003 | D:5      | Reached XP level 7. HP: 33/37 MP: 13/16
  4034 | D:5      | Found Qidienk's Armour Boutique.
  4162 | D:5      | Reached skill level 5 in Spellcasting
  4162 | D:5      | Reached skill level 1 in Translocations
  4380 | D:5      | Reached skill level 1 in Fighting
  4673 | D:5      | Found a basalt altar of Yredelemnul.
  4693 | D:5      | Noticed Prince Ribbit
  4703 | D:5      | Killed Prince Ribbit
  4703 | D:5      | Reached skill level 1 in Throwing
  4722 | D:5      | Reached XP level 8. HP: 41/43 MP: 16/18
  4730 | D:5      | Found a staircase to the Ecumenical Temple.
  4747 | Temple   | Entered the Ecumenical Temple
  4866 | Temple   | Became a worshipper of Vehumet
  4899 | D:5      | Noticed Eustachio
  4920 | D:5      | Killed Eustachio
  4996 | D:5      | Found a runed translucent door.
  4997 | D:5      | Noticed Crazy Yiuf
  5002 | D:5      | Killed Crazy Yiuf
  5076 | D:5      | Found a shimmering altar of Xom.
  5295 | D:5      | Noticed Blork the orc
  5304 | D:5      | Killed Blork the orc
  5304 | D:5      | Reached skill level 6 in Spellcasting
  5514 | D:6      | Got an ichor-stained quarterstaff
  5562 | D:6      | Noticed Menkaure
  5568 | D:6      | Killed Menkaure
  5592 | D:6      | Noticed a hornet
  5828 | D:6      | Reached skill level 1 in Evocations
  6098 | D:6      | Found a sparkling altar of Nemelex Xobeh.
  6651 | D:7      | Reached skill level 5 in Hexes
  6765 | D:7      | Reached XP level 9. HP: 48/48 MP: 17/21
  6877 | D:7      | Reached skill level 5 in Stealth
  6877 | D:7      | Reached skill level 7 in Spellcasting
  6894 | D:7      | Reached * piety under Vehumet
  6894 | D:7      | Offered knowledge of Foxfire by Vehumet.
  6905 | D:7      | Learned a level 1 spell: Foxfire
  7671 | D:7      | Reached skill level 1 in Fire Magic
  7837 | D:8      | Reached skill level 1 in Short Blades
  7837 | D:8      | Reached skill level 5 in Dodging
  7947 | D:8      | Found a stormy altar of Qazlal.
  8063 | D:8      | Found a snail-covered altar of Cheibriados.
  8065 | D:8      | Found a shimmering altar of Xom.
  8516 | D:9      | Found a bloodstained altar of Trog.
  8524 | D:9      | Reached skill level 8 in Spellcasting
  8524 | D:9      | Reached skill level 5 in Translocations
  8709 | D:9      | Found a staircase to the Orcish Mines.
  8721 | D:9      | Got a brightly glowing scale mail
  8887 | D:9      | Noticed a troll
  8895 | D:9      | Killed a troll
  8895 | D:9      | Reached XP level 10. HP: 52/53 MP: 20/24
  9061 | D:9      | Reached ** piety under Vehumet
  9128 | D:10     | Entered Level 10 of the Dungeon
  9158 | D:10     | Killed an unseen horror
  9158 | D:10     | Offered knowledge of Freeze by Vehumet.
  9335 | D:10     | Killed an unseen horror
  9335 | D:10     | Reached skill level 9 in Spellcasting
  9393 | D:10     | Found a staircase to the Lair.
  9396 | D:10     | Noticed an oklob plant
  9586 | D:10     | Found a shadowy altar of Dithmenos.
 10061 | D:11     | Noticed a purple ugly thing
 10100 | D:10     | Killed an oklob plant
 10263 | D:6      | Noticed a green ugly thing
 10277 | D:6      | Killed a green ugly thing
 10277 | D:6      | Offered knowledge of Stone Arrow by Vehumet.
 10277 | D:6      | Reached skill level 10 in Spellcasting
 10286 | D:6      | Learned a level 3 spell: Stone Arrow
 10572 | Lair:1   | Entered Level 1 of the Lair of Beasts
 10658 | Lair:1   | Noticed a spiny frog
 10678 | Lair:1   | Killed a spiny frog
 10678 | Lair:1   | Reached XP level 11. HP: 57/57 MP: 18/27
 10707 | Lair:1   | Noticed Fannar
 10719 | Lair:1   | Reached skill level 1 in Earth Magic
 10744 | Lair:1   | Killed Fannar
 11011 | Lair:1   | Reached *** piety under Vehumet
 11914 | Lair:2   | Offered knowledge of Sticky Flame by Vehumet.
 12200 | Lair:2   | Found a staircase to the Shoals.
 12220 | Lair:2   | Reached skill level 11 in Spellcasting
 12898 | Lair:3   | Reached XP level 12. HP: 64/64 MP: 3/29
 13038 | Lair:3   | Reached **** piety under Vehumet
 13309 | Lair:3   | Reached skill level 10 in Conjurations
 13486 | Lair:3   | Offered knowledge of Airstrike by Vehumet.
 13493 | Lair:3   | Learned a level 4 spell: Airstrike
 13626 | Lair:3   | Noticed a five-headed hydra
 13636 | Lair:3   | Killed a five-headed hydra
 13636 | Lair:3   | Reached skill level 1 in Air Magic
 14239 | Lair:4   | Noticed Josephine
 14687 | Lair:4   | Noticed Nessos
 14687 | Lair:4   | Noticed Nergalle
 14687 | Lair:4   | Noticed a death yak
 14687 | Lair:4   | Noticed a death yak
 14687 | Lair:4   | Noticed a death yak
 14687 | Lair:4   | Noticed a death yak
 14687 | Lair:4   | Noticed a death yak
 14704 | Lair:4   | Shot with an arrow by Nessos

Illustrated notes

Levels and vault maps discovered:
D:1:      dpeg_arrival_concentric_ovals, layout_loops_ring
D:2:      layout_loops_cross, minmay_cupped
D:3:      layout_loops_corners
D:4:      layout_cave_pools, first_ration, kennysheep_small_square, uniq_grinder
D:5:      layout_basic, yredelemnul_forgotten_temple_becter,
          minmay_temple_entry_statues_fountains, basic_altar, serial_shops,
          kennysheep_little_box, uniq_crazy_yiuf_cottage, uniq_eustachio,
          uniq_prince_ribbit1, uniq_blork_the_orc
D:6:      minmay_chambers_of_sixes, layout_basic,
          nemelex_xobeh_ov_fountains_minmay, uniq_menkaure
D:7:      layout_loops_ring, kennysheep_decorative_pillar,
          minmay_misc_feat_tower
D:8:      layout_cave_pools, overflow_temple_1_default,
          nicolae_overflow_hidden_temple, nicolae_zen_rock_garden
D:9:      layout_roguey, lemuel_round_altar, orc_0_dummy
D:10:     layout_stronghold, dpeg_oklobed_lair, grunt_dithmenos_smoke
D:11:     layout_basic, grunt_pizzeria
Temple:   eino_temple_rhombus
Lair:1:   layout_chaotic_city, uniq_fannar
Lair:2:   layout_cave_pods, minmay_shoals_entry_beasts
Lair:3:   beast_lair_carwin_large_1, layout_misc_corridors, minivault_11,
          wad_woods_road_02, nicolae_quartered_pool_medium
Lair:4:   layout_regular_city, dummy_snake_entry,
          chequers_serial_rivers_micro_d, hangedman_lair_generics_rect,
          infiniplex_staircase_pool_2, uniq_josephine, uniq_nessos,
          uniq_nergalle

Skill      XL: |  1  2  3  4  5  6  7  8  9 10 11 12 |
---------------+-------------------------------------+-----
Stealth        | 3 4 5 6 8 9 |  9.0
Spellcasting   | 4 5 6 8 10 11 | 11.9
Dodging        | 3 4 5 6 7 8 |  8.0
Conjurations   | 5 6 7 9 10 | 10.1
Hexes          | 1 2 3 5 7 8 9 |  9.7
Shields        | 2 3 4 |  4.0
Translocations | 2 3 5 7 8 |  8.7
Fighting       | 1 2 3 |  3.4
Throwing       | 1 2 |  2.0
Evocations     | 2 |  2.0
Fire Magic     | 2 |  2.0
Short Blades   | 2 |  2.0
Earth Magic    | 3 |  3.1
Air Magic      | 2 |  2.2

Action                   |  1- 3 |  4- 6 |  7- 9 | 10-12 || total
-------------------------+-------+-------+-------+-------++-------
Melee: Whip              |    18 |       |       |       ||    18
       Dagger            |    26 |    59 |    48 |   146 ||   279
Throw: Stone             |     4 |       |     4 |       ||     8
       Dart              |       |    13 |    34 |       ||    47
 Cast: Magic Dart        |    54 |    68 |    68 |    27 ||   217
       Searing Ray       |       |    18 |    58 |    27 ||   103
       Dazzling Flash    |       |       |     1 |     3 ||     4
       Fulminant Prism   |       |       |     3 |    62 ||    65
       Foxfire           |       |       |       |    21 ||    21
       Iskenderun's Myst |       |       |       |    40 ||    40
       Stone Arrow       |       |       |       |    35 ||    35
       Airstrike         |       |       |       |     3 ||     3
Evoke: Wand              |       |       |       |     1 ||     1
  Use: Potion            |       |     2 |       |     1 ||     3
       Scroll            |       |       |    11 |     6 ||    17
 Stab: Sleeping          |     7 |     6 |    10 |     9 ||    32
       Distracted        |       |       |     1 |       ||     1
  Eat: Chunk             |       |     9 |    15 |    12 ||    36
       Ration            |       |       |       |     2 ||     2
Armor: Robe              |    10 |    14 |     4 |     7 ||    35
Dodge: Dodged            |    37 |    58 |    43 |    64 ||   202
Block: Buckler           |       |     1 |    26 |    54 ||    81
